 Dungeon Crawl Stone Soup version 0.29.0-4-gdea44cf6ec (webtiles) character file.

Game seed: 286809467071729652

46 qw the Sneak (level 3, -1/29 HPs)
             Began as a Ghoul Enchanter on Sept 7, 2022.
             Slain by Sigmund
             ... wielding a +0 scythe
              (4 damage)
             ... on level 2 of the Dungeon.
             The game lasted 00:01:08 (2988 turns).

qw the Sneak (Ghoul Enchanter)                      Turns: 2988, Time: 00:01:09

Health: -1/29      AC:  6    Str: 13    XL:     3   Next: 68%
Magic:  4/4        EV: 10    Int: 10    God:
Gold:   52         SH:  0    Dex:  9    Spells: 5/5 levels left

rFire   . . .      SeeInvis .   b - +0 flail
rCold   + . .      Faith    .   (no shield)
rNeg    + + +      Spirit   .   g - +0 ring mail
rPois   inf        Reflect  .   (no helmet)
rElec   .          Harm     .   (no cloak)
rCorr   .          Rampage  .   (no gloves)
Will    .....                   j - +0 pair of boots
Stlth   +.........              (no amulet)
HPRegen 0.00/turn               (no ring)
MPRegen 0.09/turn               (no ring)

@: inhibited regen
A: claws 1, cold resistance 1, negative energy resistance 3, inhibited
regeneration, torment resistance 2, devour on kill
a: no special abilities


You were on level 2 of the Dungeon.
You visited 1 branch of the dungeon, and saw 2 of its levels.

You collected 52 gold pieces.


Innate Abilities, Weirdness & Mutations

You are immune to poison.
You have sharp fingernails.
Your flesh is cold resistant. (rC+)
You are immune to negative energy. (rN+++)
You do not regenerate when monsters are visible.
You are immune to unholy pain and torment.
You thrive by killing the living.


   Skills:
 - Level 2.0 Fighting
 - Level 0.8 Short Blades
 + Level 2.2 Axes
 - Level 1.7 Dodging
 - Level 3.2 Stealth
 - Level 1.7 Spellcasting
 - Level 2.4 Hexes


You had 5 spell levels left.
You didn't know any spells.
Your spell library contained the following spells:

 Spells                   Type           Power      Damage    Failure   Level
 Ensorcelled Hibernation  Hex/Ice        6%         N/A       54%         2
 Confusing Touch          Hex            5%         N/A       61%         3
 Tukima's Dance           Hex            5%         N/A       61%         3
 Dazzling Flash           Conj/Hex       6%         N/A       78%         3

Inventory:

Hand Weapons
 b - a +0 flail (weapon)
Armour
 c - the +1 robe "Hokhlotzu" {rC+}
   (You found it on level 2 of the Dungeon)

   rC:        It protects you from cold.
 g - a +0 ring mail (worn)
 j - a +0 pair of boots (worn)
Scrolls
 k - a scroll of identify
Potions
 a - a potion of might {unknown}

Dungeon Overview and Level Annotations

Branches:
Dungeon (2/15)

Altars:

Annotations:
D:2 Sigmund


Message History

You miss the goblin. The goblin closely misses you.
Sigmund casts a spell.
Sigmund flickers and vanishes!
Deactivating autopickup; reactivate with Ctrl-A.
The goblin closely misses you.
You hit the goblin but do no damage. Something hits you!
The goblin barely misses you.
You closely miss the goblin. The goblin closely misses you. Something hits you.
You barely miss the goblin.
The goblin hits you with a +0 dagger of venom.
Something hits you. The goblin hits you but does no damage.
2978 ||| Stepping ~*~*~tactically~*~*~ (stealth).
You sock the goblin!
You kill the goblin!
You hear some strange, mumbled words.
Something tries to affect you, but you resist.
You hit the rat.
The rat is severely wounded.
Something hits you! The rat bites you but does no damage.
2981 ||| DRINKING potion of heal wounds.
You feel much better. The rat bites you. Something hits you but does no damage.
You hit the rat.
You kill the rat!
You feel better. Something hits you but does no damage.
You swing at nothing.
Something hits you!
You swing at nothing.
You swing at nothing.
Something hits you!
You swing at nothing.
Something hits you but does no damage.
You swing at nothing.
Something hits you.
You swing at nothing.
Something hits you.
You die...

#####.# r...r....
##...#.# #.......
#..#...# .g....#
.##%##.## ##.##.######.
#.7.##.## #............#
###.####%###..##).###..r#
.#.#.# #.......{.#....#
}.###.}.#.#.####).###...
.#.#.#.#..#.# #@.# .
#.#.#.#.....# #..#
##.}.###.#### #..# #
#.#.#..# >... .#.###.#..
.#..## }.# }.# ..... .##
#. # #### ## #


There were no monsters in sight!

Vanquished Creatures
  2 ball pythons
  3 endoplasms (D:1)
  2 giant cockroaches
  9 goblins
  5 hobgoblins
  5 jackals
  3 quokkas
  2 bats
  2 frilled lizards
  3 kobolds
  2 rats
38 creatures vanquished.

Vanquished Creatures (others)
  6 plants (D:1)
6 creatures vanquished.

Grand Total: 44 creatures vanquished

Notes
Turn   | Place    | Note
-------+----------+-------------------------------------------
     0 | D:1      | qw the Ghoul Enchanter began the quest for the Orb.
     0 | D:1      | Reached XP level 1. HP: 14/14 MP: 2/2
     0 | D:1      | 0 ||| qw: Version: 0.1-a-108-g9e35731
     0 | D:1      | 0 ||| qw: Game counter: 6556
     0 | D:1      | 0 ||| qw: Always use a shield: true
     0 | D:1      | 0 ||| qw: God list: Okawaru
     0 | D:1      | 0 ||| qw: Allow faded altars: false
     0 | D:1      | 0 ||| qw: Do Orc after D:15 true
     0 | D:1      | 0 ||| qw: Do second Lair branch before Depths: true
     0 | D:1      | 0 ||| qw: Lair rune preference: random
     0 | D:1      | 0 ||| qw: Plans: Normal
     0 | D:1      | 0 ||| PLANNING D:1-11
    70 | D:1      | 70 ||| SWAPPING to +0 club.
    71 | D:1      | 71 ||| DROPPING +1 dagger.
   138 | D:1      | Reached skill level 1 in Axes
   499 | D:1      | Reached XP level 2. HP: 20/22 MP: 3/3
   524 | D:1      | 524 ||| Stepping ~*~*~tactically~*~*~ (stealth).
   526 | D:1      | 526 ||| Stepping ~*~*~tactically~*~*~ (stealth).
   528 | D:1      | 528 ||| Stepping ~*~*~tactically~*~*~ (stealth).
   534 | D:1      | Reached skill level 1 in Fighting
   539 | D:1      | 539 ||| Stepping ~*~*~tactically~*~*~ (stealth).
   540 | D:1      | 540 ||| Stepping ~*~*~tactically~*~*~ (stealth).
   544 | D:1      | 544 ||| Stepping ~*~*~tactically~*~*~ (stealth).
   545 | D:1      | 545 ||| Stepping ~*~*~tactically~*~*~ (stealth).
   579 | D:1      | 579 ||| Stepping ~*~*~tactically~*~*~ (stealth).
   580 | D:1      | 580 ||| Stepping ~*~*~tactically~*~*~ (stealth).
  1346 | D:1      | 1346 ||| SWAPPING to +0 short sword.
  1347 | D:1      | 1347 ||| DROPPING +0 club.
  1420 | D:1      | Reached XP level 3. HP: 28/28 MP: 4/4
  2466 | D:1      | 2466 ||| UPGRADING to +0 ring mail.
  2476 | D:1      | 2476 ||| DROPPING +0 robe.
  2477 | D:1      | 2477 ||| UPGRADING to +0 pair of boots.
  2482 | D:1      | 2482 ||| READING scroll labelled TOEGGO UDANOID.
  2483 | D:1      | 2483 ||| READING scroll labelled EMNYIX ZIS PEQ.
  2584 | D:1      | 2584 ||| READING 2 scrolls labelled QOJAON CUCWUKE.
  2585 | D:1      | 2585 ||| READING 2 scrolls labelled HEROLYUSSO.
  2586 | D:1      | 2586 ||| DRINKING 3 fuming emerald potions.
  2587 | D:1      | 2587 ||| DROPPING 2 potions of invisibility.
  2588 | D:1      | 2588 ||| DROPPING scroll of blinking.
  2654 | D:2      | Found a faded altar of an unknown god.
  2657 | D:2      | 2657 ||| Stepping randomly (stuck).
  2657 | D:2      | Noticed a floating eye
  2657 | D:2      | Noticed a shining eye
  2658 | D:2      | 2658 ||| Stepping randomly (stuck).
  2659 | D:2      | 2659 ||| Stepping randomly (stuck).
  2660 | D:2      | 2660 ||| Stepping randomly (stuck).
  2661 | D:2      | Noticed a great orb of eyes
  2661 | D:2      | Noticed a floating eye
  2672 | D:2      | 2672 ||| SWAPPING to +0 flail.
  2673 | D:2      | 2673 ||| DROPPING +0 short sword.
  2688 | D:2      | Identified the +1 robe "Hokhlotzu" {rC+}
  2838 | D:2      | HP: 7/29 [goblin/+0 dagger (2)]
  2839 | D:2      | 2839 ||| DRINKING 2 potions of heal wounds.
  2936 | D:2      | 2936 ||| Stepping ~*~*~tactically~*~*~ (stealth).
  2952 | D:2      | 2952 ||| Stepping ~*~*~tactically~*~*~ (stealth).
  2953 | D:2      | 2953 ||| Stepping ~*~*~tactically~*~*~ (stealth).
  2954 | D:2      | 2954 ||| Stepping ~*~*~tactically~*~*~ (stealth).
  2955 | D:2      | 2955 ||| Stepping ~*~*~tactically~*~*~ (stealth).
  2957 | D:2      | 2957 ||| Stepping ~*~*~tactically~*~*~ (stealth).
  2958 | D:2      | 2958 ||| Stepping ~*~*~tactically~*~*~ (stealth).
  2959 | D:2      | 2959 ||| Stepping ~*~*~tactically~*~*~ (stealth).
  2964 | D:2      | Noticed Sigmund
  2965 | D:2      | 2965 ||| Stepping ~*~*~tactically~*~*~ (stealth).
  2967 | D:2      | 2967 ||| Stepping ~*~*~tactically~*~*~ (hiding).
  2971 | D:2      | 2971 ||| Stepping ~*~*~tactically~*~*~ (outnumbered).
  2978 | D:2      | 2978 ||| Stepping ~*~*~tactically~*~*~ (stealth).
  2980 | D:2      | HP: 4/29 [something (8)]
  2981 | D:2      | 2981 ||| DRINKING potion of heal wounds.
  2985 | D:2      | HP: 7/29 [something (10)]
  2987 | D:2      | HP: 3/29 [something (4)]
  2988 | D:2      | Slain by Sigmund

Levels and vault maps discovered:
D:1:      dpeg_arrival_water_fire, layout_basic, chequers_big_river
D:2:      layout_loops_ring, hellmonk_ecumenical_altar_watching_god,
          kennysheep_minor_cross, chequers_serial_rivers_micro_b,
          grunt_decor_mini_mirrors, uniq_sigmund, uniq_natasha

Skill      XL: |  1  2  3 |
---------------+----------+-----
Axes           | 1 2 |  2.2
Fighting       | 1 2 |  2.0
Short Blades   | |  0.8
Dodging        | |  1.7
Stealth        | |  3.2
Spellcasting   | |  1.7
Hexes          | |  2.4

Action                   || total
-------------------------++-------
Melee: Club              ||    87
       Dagger            ||     2
       Short sword       ||    48
       Punch             ||     1
       Flail             ||    44
  Use: Scroll            ||     4
       Potion            ||     3
 Stab: Sleeping          ||     1
Armor: Robe              ||    24
       Ring mail         ||    37
Dodge: Dodged            ||   116

Table legend:
 A = Non-vault XP
 B = Vault XP
 C = Vault XP percentage of total XP
 D = Non-vault monster count
 E = Vault monster count
 F = Vault count percentage of total count
                 A         B        C        D         E       F
            +---------+---------+-------+---------+---------+-------
      Total |      67 |       0 |   0.0 |      38 |       0 |   0.0
            +---------+---------+-------+---------+---------+-------
        D:1 |      47 |       0 |   0.0 |      26 |       0 |   0.0
        D:2 |      20 |       0 |   0.0 |      12 |       0 |   0.0
            +---------+---------+-------+---------+---------+-------
